[ AOE2 MATCH · #504666123 ]
UnrankedMagyars vs Magyars
Player's team · WIN
Rival team · LOSS
[ REPLAY ANALYSIS · EXTRACTED FROM THE RECORDED GAME ]
Feudal
10:00
Castle
18:58
Imperial
—
| APM avg | 47.5 |
| APM peak | 99 |
| eAPM avg | 27.2 |
| Villagers / military | 64 / 64 |
Focus
⚔️ 27.2% · 🌾 72.8%
Magyar Huszar ×59 · Monk ×3 · Scout Cavalry ×2
Feudal
14:03
Castle
18:04
Imperial
—
| APM avg | 47.1 |
| APM peak | 87 |
| eAPM avg | 22.8 |
| Villagers / military | 58 / 57 |
Focus
⚔️ 52.8% · 🌾 47.2%
Knight ×23 · Monk ×16 · Scout Cavalry ×13 · Militia ×5
Match map
Initial resources + every placement click. Lines = walls · curves = elevation contours. ◆ gold · ⬟ stone · ● berries · ✦ relic · ◌ wall gap
Your base· Open — unwalled flank
Dr. Wiley!!!'s base· ✓ Closed at 18:04 · 40t walls · 1 gate(s)
Smoothed initial terrain · ◌ = detected wall gap · hover for details
Inputs per minute
— 猪咪 - - Dr. Wiley!!!
Build order — 猪咪
First 150 of 188 actions detected
| 0:01 | Create | Villager (Male) ×4 |
| 0:01 | Create | Villager (Male) ×4 |
| 0:04 | Build | House |
| 1:26 | Create | Villager (Male) |
| 1:26 | Create | Villager (Male) |
| 1:42 | Create | Villager (Male) |
| 2:15 | Build | Lumber Camp |
| 2:46 | Create | Villager (Male) |
| 2:46 | Create | Villager (Male) |
| 2:55 | Create | Villager (Male) |
| 3:10 | Create | Villager (Male) |
| 3:10 | Create | Villager (Male) |
| 3:12 | Create | Villager (Male) |
| 3:29 | Create | Villager (Male) |
| 3:29 | Create | Villager (Male) |
| 3:29 | Create | Villager (Male) |
| 3:38 | Build | House |
| 4:13 | Build | Palisade Wall |
| 4:15 | Build | Palisade Wall |
| 4:17 | Build | Palisade Wall |
| 4:18 | Build | Palisade Wall |
| 4:19 | Create | Villager (Male) |
| 4:25 | Research | Loom |
| 4:42 | Create | Villager (Male) |
| 4:47 | Build | Palisade Wall |
| 4:55 | Build | Palisade Wall |
| 4:55 | Build | Palisade Wall |
| 4:56 | Build | Palisade Wall |
| 4:57 | Build | Palisade Wall |
| 5:05 | Create | Villager (Male) |
| 5:19 | Create | Villager (Male) |
| 5:45 | Create | Villager (Male) |
| 6:15 | Create | Villager (Male) |
| 6:43 | Create | Villager (Male) |
| 6:49 | Build | House |
| 7:04 | Build | Mill |
| 7:50 | Research | Feudal Age |
| 7:50 | Research | Feudal Age |
| 8:07 | Build | House |
| 8:16 | Build | Barracks |
| 8:59 | Build | Palisade Wall |
| 9:02 | Build | Farm |
| 9:11 | Build | Farm |
| 9:13 | Build | Farm |
| 9:20 | Create | Villager (Male) |
| 9:37 | Create | Villager (Male) |
| 10:00 | Age | Feudal Age |
| 10:03 | Build | Stable |
| 10:12 | Build | House |
| 10:23 | Create | Villager (Male) |
| 10:38 | Create | Scout Cavalry |
| 10:38 | Create | Scout Cavalry |
| 10:58 | Build | Farm |
| 11:06 | Create | Villager (Male) |
| 11:16 | Build | Farm |
| 11:17 | Build | Farm |
| 11:18 | Create | Villager (Male) |
| 11:47 | Create | Villager (Male) |
| 11:48 | Build | Farm |
| 12:07 | Create | Villager (Male) |
| 12:37 | Create | Villager (Male) |
| 12:43 | Build | Farm |
| 12:48 | Build | Market |
| 13:10 | Create | Villager (Male) |
| 13:11 | Build | Mining Camp |
| 13:28 | Create | Villager (Male) |
| 13:36 | Build | Farm |
| 13:50 | Build | Farm |
| 13:56 | Create | Villager (Male) |
| 14:15 | Build | House |
| 14:19 | Build | House |
| 14:21 | Build | House |
| 14:31 | Create | Villager (Male) |
| 14:43 | Build | Palisade Wall |
| 14:48 | Create | Villager (Male) |
| 15:04 | Build | Mining Camp |
| 15:10 | Build | House |
| 15:19 | Build | Stone Wall |
| 15:25 | Create | Villager (Male) |
| 15:39 | Create | Villager (Male) |
| 15:56 | Build | Farm |
| 16:17 | Research | Castle Age |
| 16:17 | Research | Castle Age |
| 17:11 | Research | Double-Bit Axe |
| 17:11 | Research | Double-Bit Axe |
| 17:13 | Research | Horse Collar |
| 17:13 | Research | Horse Collar |
| 17:45 | Research | Stone Mining |
| 17:45 | Research | Stone Mining |
| 18:18 | Create | Villager (Male) |
| 18:26 | Build | Blacksmith |
| 18:29 | Create | Villager (Male) |
| 18:57 | Build | House |
| 18:58 | Age | Castle Age |
| 19:05 | Create | Villager (Male) |
| 19:13 | Build | House |
| 19:14 | Build | House |
| 19:22 | Create | Villager (Male) |
| 19:25 | Build | Monastery |
| 19:47 | Build | Castle |
| 19:51 | Build | Stone Wall |
| 19:56 | Build | House |
| 20:01 | Build | Stone Wall |
| 20:05 | Create | Villager (Male) |
| 20:06 | Create | Villager (Male) |
| 20:14 | Create | Villager (Male) |
| 20:16 | Build | Farm |
| 20:31 | Create | Monk |
| 20:34 | Build | Stone Wall |
| 20:36 | Build | Stone Wall |
| 20:38 | Create | Villager (Male) |
| 21:08 | Build | Farm |
| 21:21 | Create | Villager (Male) |
| 21:30 | Build | Stone Wall |
| 21:33 | Build | Stone Wall |
| 21:42 | Create | Magyar Huszar ×2 |
| 21:42 | Create | Magyar Huszar ×2 |
| 21:54 | Create | Monk |
| 22:13 | Build | Mining Camp |
| 22:23 | Create | Magyar Huszar ×2 |
| 22:24 | Create | Magyar Huszar ×2 |
| 22:54 | Build | Palisade Wall |
| 23:10 | Create | Magyar Huszar ×2 |
| 23:10 | Create | Magyar Huszar ×2 |
| 23:16 | Build | Lumber Camp |
| 23:22 | Create | Villager (Male) |
| 23:23 | Create | Villager (Male) |
| 23:38 | Build | Farm |
| 23:39 | Create | Magyar Huszar ×2 |
| 23:55 | Build | Farm |
| 24:03 | Create | Magyar Huszar |
| 24:03 | Create | Magyar Huszar |
| 24:10 | Create | Villager (Male) |
| 24:21 | Create | Magyar Huszar |
| 24:21 | Create | Magyar Huszar |
| 24:41 | Create | Villager (Male) |
| 24:42 | Build | Farm |
| 24:54 | Create | Villager (Male) |
| 25:00 | Create | Magyar Huszar |
| 25:08 | Create | Magyar Huszar ×2 |
| 25:08 | Create | Magyar Huszar ×2 |
| 25:08 | Create | Magyar Huszar ×2 |
| 25:23 | Create | Magyar Huszar |
| 25:23 | Create | Magyar Huszar |
| 25:31 | Build | Farm |
| 25:32 | Build | Farm |
| 25:32 | Build | Farm |
| 25:35 | Create | Magyar Huszar ×2 |
| 25:35 | Create | Magyar Huszar ×2 |
| 25:40 | Build | House |
Build order — Dr. Wiley!!!
First 150 of 223 actions detected
| 0:00 | Create | Villager (Male) |
| 0:01 | Create | Villager (Male) |
| 0:02 | Build | House |
| 0:04 | Build | House |
| 0:13 | Create | Villager (Male) |
| 0:24 | Create | Villager (Male) |
| 1:15 | Create | Villager (Male) |
| 1:52 | Create | Villager (Male) |
| 2:18 | Create | Villager (Male) |
| 2:39 | Create | Villager (Male) |
| 3:05 | Create | Villager (Male) |
| 3:11 | Build | Barracks |
| 3:27 | Build | House |
| 3:52 | Create | Villager (Male) |
| 3:57 | Create | Villager (Male) |
| 4:07 | Create | Militia |
| 4:07 | Create | Militia |
| 4:23 | Create | Villager (Male) |
| 4:38 | Create | Militia ×2 |
| 4:49 | Build | Palisade Wall |
| 4:51 | Build | Palisade Wall |
| 4:52 | Build | Palisade Wall |
| 4:53 | Build | Palisade Wall |
| 4:59 | Create | Villager (Male) |
| 5:08 | Create | Militia |
| 5:38 | Create | Villager (Male) |
| 5:42 | Build | House |
| 5:46 | Build | House |
| 5:57 | Create | Villager (Male) |
| 6:16 | Create | Villager (Male) |
| 6:44 | Build | Palisade Wall |
| 6:49 | Build | House |
| 6:50 | Create | Villager (Male) |
| 7:02 | Build | House |
| 7:03 | Create | Villager (Male) |
| 7:19 | Build | Palisade Wall |
| 7:19 | Build | Palisade Wall |
| 7:19 | Build | Palisade Wall |
| 7:20 | Build | Palisade Wall |
| 7:22 | Create | Villager (Male) |
| 7:30 | Build | Mill |
| 7:40 | Create | Villager (Male) |
| 7:48 | Create | Villager (Male) |
| 8:07 | Build | Lumber Camp |
| 8:15 | Build | House |
| 8:44 | Create | Villager (Male) |
| 8:51 | Create | Villager (Male) |
| 9:08 | Build | House |
| 9:12 | Build | House |
| 9:15 | Create | Villager (Male) |
| 9:31 | Create | Villager (Male) |
| 9:40 | Build | Mining Camp |
| 9:46 | Build | Farm |
| 9:52 | Create | Villager (Male) |
| 10:13 | Build | Farm |
| 10:33 | Create | Villager (Male) |
| 10:40 | Build | Farm |
| 10:59 | Build | Farm |
| 11:22 | Research | Loom |
| 11:30 | Build | Palisade Wall |
| 11:31 | Build | Palisade Wall |
| 11:34 | Build | Palisade Wall |
| 11:35 | Create | Villager (Male) |
| 11:49 | Research | Feudal Age |
| 11:55 | Build | Palisade Wall |
| 11:56 | Build | Palisade Wall |
| 11:58 | Build | Palisade Wall |
| 12:11 | Build | Palisade Wall |
| 12:34 | Build | Palisade Wall |
| 12:34 | Build | Palisade Wall |
| 12:35 | Build | Palisade Wall |
| 12:40 | Create | Villager (Male) |
| 12:44 | Build | House |
| 12:45 | Build | House |
| 13:07 | Build | House |
| 13:08 | Build | Palisade Wall |
| 13:08 | Build | Palisade Wall |
| 14:03 | Age | Feudal Age |
| 14:04 | Build | Market |
| 14:06 | Build | Blacksmith |
| 14:07 | Create | Villager (Male) |
| 14:26 | Create | Villager (Male) |
| 14:44 | Build | Palisade Wall |
| 14:52 | Build | Stable |
| 14:53 | Build | Palisade Wall |
| 14:54 | Build | Palisade Wall |
| 14:54 | Build | Palisade Wall |
| 15:01 | Build | House |
| 15:02 | Build | Palisade Wall |
| 15:24 | Research | Castle Age |
| 15:32 | Build | Farm |
| 15:40 | Build | Farm |
| 15:53 | Build | Palisade Wall |
| 15:54 | Build | Palisade Wall |
| 15:56 | Build | Palisade Gate |
| 15:57 | Build | Palisade Wall |
| 15:58 | Build | Palisade Wall |
| 15:58 | Build | Palisade Wall |
| 16:13 | Build | Mining Camp |
| 16:14 | Create | Scout Cavalry |
| 16:19 | Create | Villager (Male) |
| 16:26 | Build | Farm |
| 16:27 | Build | Farm |
| 16:48 | Research | Bloodlines |
| 16:48 | Research | Bloodlines |
| 16:56 | Build | Farm |
| 16:59 | Build | Farm |
| 17:03 | Build | Farm |
| 17:10 | Create | Villager (Male) |
| 17:41 | Build | Stable |
| 17:52 | Create | Villager (Male) |
| 18:04 | Age | Castle Age |
| 18:05 | Create | Knight |
| 18:06 | Create | Knight |
| 18:18 | Create | Villager (Male) |
| 18:20 | Build | Farm |
| 18:23 | Build | Farm |
| 18:36 | Build | House |
| 18:38 | Create | Knight |
| 18:43 | Create | Knight |
| 18:43 | Create | Knight |
| 18:55 | Build | House |
| 19:07 | Create | Knight |
| 19:14 | Create | Villager (Male) |
| 19:15 | Build | Farm |
| 19:45 | Build | Monastery |
| 19:49 | Create | Villager (Male) |
| 20:00 | Build | Lumber Camp |
| 20:00 | Create | Villager (Male) |
| 20:12 | Create | Knight |
| 20:12 | Create | Knight |
| 20:40 | Build | House |
| 20:48 | Create | Monk |
| 20:50 | Create | Villager (Male) |
| 20:52 | Create | Villager (Male) |
| 21:10 | Create | Monk |
| 21:16 | Create | Villager (Male) |
| 21:19 | Build | House |
| 21:29 | Build | House |
| 21:41 | Create | Villager (Male) |
| 21:59 | Create | Villager (Male) |
| 22:16 | Build | House |
| 22:17 | Build | House |
| 22:18 | Create | Villager (Male) |
| 22:20 | Create | Monk |
| 22:23 | Build | House |
| 22:29 | Build | Monastery |
| 22:37 | Create | Villager (Male) |
| 22:45 | Create | Knight |
| 22:45 | Create | Knight |
Match timeline
| 3:11 | Dr. Wiley!!! · first_building Barracks |
| 4:13 | 猪咪 · wall_segment Palisade Wall x1 |
| 4:15 | 猪咪 · wall_segment Palisade Wall x1 |
| 4:17 | 猪咪 · wall_segment Palisade Wall x1 |
| 4:18 | 猪咪 · wall_segment Palisade Wall x1 |
| 4:47 | 猪咪 · wall_segment Palisade Wall x4 |
| 4:49 | Dr. Wiley!!! · wall_segment Palisade Wall x1 |
| 4:51 | Dr. Wiley!!! · wall_segment Palisade Wall x1 |
| 4:52 | Dr. Wiley!!! · wall_segment Palisade Wall x1 |
| 4:53 | Dr. Wiley!!! · wall_segment Palisade Wall x1 |
| 4:55 | 猪咪 · wall_segment Palisade Wall x1 |
| 4:55 | 猪咪 · wall_segment Palisade Wall x1 |
| 4:56 | 猪咪 · wall_segment Palisade Wall x1 |
| 4:57 | 猪咪 · wall_segment Palisade Wall x1 |
| 6:44 | Dr. Wiley!!! · wall_segment Palisade Wall x1 |
| 7:19 | Dr. Wiley!!! · wall_segment Palisade Wall x1 |
| 7:19 | Dr. Wiley!!! · wall_segment Palisade Wall x1 |
| 7:19 | Dr. Wiley!!! · wall_segment Palisade Wall x1 |
| 7:20 | Dr. Wiley!!! · wall_segment Palisade Wall x1 |
| 8:16 | 猪咪 · first_building Barracks |
| 8:59 | 猪咪 · wall_segment Palisade Wall x1 |
| 10:00 | 猪咪 · age_up feudal |
| 10:03 | 猪咪 · first_building Stable |
| 11:30 | Dr. Wiley!!! · wall_segment Palisade Wall x1 |
| 11:31 | Dr. Wiley!!! · wall_segment Palisade Wall x1 |
| 11:34 | Dr. Wiley!!! · wall_segment Palisade Wall x1 |
| 11:55 | Dr. Wiley!!! · wall_segment Palisade Wall x1 |
| 11:56 | Dr. Wiley!!! · wall_segment Palisade Wall x1 |
| 11:58 | Dr. Wiley!!! · wall_segment Palisade Wall x10 |
| 12:11 | Dr. Wiley!!! · wall_segment Palisade Wall x1 |
| 12:34 | Dr. Wiley!!! · wall_segment Palisade Wall x1 |
| 12:34 | Dr. Wiley!!! · wall_segment Palisade Wall x1 |
| 12:35 | Dr. Wiley!!! · wall_segment Palisade Wall x1 |
| 13:08 | Dr. Wiley!!! · wall_segment Palisade Wall x1 |
| 13:08 | Dr. Wiley!!! · wall_segment Palisade Wall x1 |
| 14:03 | Dr. Wiley!!! · age_up feudal |
| 14:43 | 猪咪 · wall_segment Palisade Wall x1 |
| 14:44 | Dr. Wiley!!! · wall_segment Palisade Wall x1 |
| 14:52 | Dr. Wiley!!! · first_building Stable |
| 14:53 | Dr. Wiley!!! · wall_segment Palisade Wall x1 |
| 14:54 | Dr. Wiley!!! · wall_segment Palisade Wall x1 |
| 14:54 | Dr. Wiley!!! · wall_segment Palisade Wall x1 |
| 15:02 | Dr. Wiley!!! · wall_segment Palisade Wall x1 |
| 15:14 | Dr. Wiley!!! · first_market_buy 100 food |
| 15:17 | Dr. Wiley!!! · first_market_sell 100 stone |
| 15:19 | 猪咪 · wall_segment Stone Wall x19 |
| 15:53 | Dr. Wiley!!! · wall_segment Palisade Wall x1 |
| 15:54 | Dr. Wiley!!! · wall_segment Palisade Wall x1 |
| 15:57 | Dr. Wiley!!! · wall_segment Palisade Wall x1 |
| 15:58 | Dr. Wiley!!! · wall_segment Palisade Wall x1 |
| 15:58 | Dr. Wiley!!! · wall_segment Palisade Wall x1 |
| 15:58 | 猪咪 · first_market_sell 100 wood |
| 16:00 | 猪咪 · first_market_buy 100 food |
| 18:04 | Dr. Wiley!!! · age_up castle |
| 18:58 | 猪咪 · age_up castle |
| 19:25 | 猪咪 · first_building Monastery |
| 19:45 | Dr. Wiley!!! · first_building Monastery |
| 19:47 | 猪咪 · first_building Castle |
| 19:51 | 猪咪 · wall_segment Stone Wall x1 |
| 20:01 | 猪咪 · wall_segment Stone Wall x1 |
| 20:34 | 猪咪 · wall_segment Stone Wall x1 |
| 20:36 | 猪咪 · wall_segment Stone Wall x1 |
| 21:30 | 猪咪 · wall_segment Stone Wall x1 |
| 21:33 | 猪咪 · wall_segment Stone Wall x1 |
| 22:54 | 猪咪 · wall_segment Palisade Wall x1 |
| 23:00 | Dr. Wiley!!! · wall_segment Palisade Wall x1 |
| 23:02 | Dr. Wiley!!! · wall_segment Palisade Wall x1 |
| 23:02 | Dr. Wiley!!! · wall_segment Palisade Wall x2 |
| 23:02 | Dr. Wiley!!! · wall_segment Palisade Wall x1 |
| 28:10 | 猪咪 · wall_segment Stone Wall x1 |
| 28:29 | Dr. Wiley!!! · wall_segment Palisade Wall x8 |
| 29:05 | 猪咪 · wall_segment Stone Wall x1 |
| 29:22 | Dr. Wiley!!! · resign |
[ AI ANALYSIS · 1 CREDIT ]
What really happened in this match?
Wolo.gg analyzes every decision: build order, eco, micro, common mistakes by bracket. Personalized analysis on WhatsApp or Discord in 30 seconds.
Civ guide
Magyars
Perfil
Jugador #711407